 Dungeon Crawl Stone Soup version bcrawl-1.40.2 (webtiles) character file.

Game seed: 2506020728553239260

266233 Queen the Thaumaturge (level 9, -11/61 HPs)
             Began as a Mummy Necromancer on Nov 16, 2023.
             Was an Initiate of Kikubaaqudgha.
             Killed from afar by a crimson imp (21 damage)
             ... with a flame tongue
             ... on level 6 of the Dungeon.
             The game lasted 00:27:35 (7278 turns).

Queen the Thaumaturge (Mummy Necromancer)           Turns: 7278, Time: 00:27:36

Health: -11/61     AC:  2    Str: 12    XL:     9   Next: 55%
Magic:  23/23      EV: 12    Int: 17    God:    Kikubaaqudgha [......]
Gold:   120        SH:  0    Dex: 12    Spells: 12/29 levels left

rFire    x . .     GDR:     24% a - +0 dagger (pain)
rCold    + . .     SeeInvis .   (no shield)
rNeg     + + +     Gourm    .   b - +0 robe
rPois    ∞         Faith    .   (no helmet)
rElec    .         Spirit   .   (no cloak)
rCorr    .         Reflect  .   (no gloves)
MR       +....     Clarity  +   (no boots)
Stlth    ++........             m - amulet of magic regeneration
HPRegen  0.20/turn              (no ring)
MPRegen  0.38/turn              (no ring)

@: no status effects
A: no food or potions, fire vulnerability, clarity, cold resistance 1, negative
energy resistance 3, torment resistance, unbreathing, strong hexes 1
a: Renounce Religion


You were on level 6 of the Dungeon.
You worshipped Kikubaaqudgha.
Kikubaaqudgha was noncommittal.
You were not hungry.

You visited 2 branches of the dungeon, and saw 7 of its levels.

You collected 395 gold pieces.
You spent 275 gold pieces at shops.

Inventory:

Hand Weapons
 a - a +0 dagger of pain (weapon)
Armour
 b - a +0 robe (worn)
 g - a +0 helmet
Jewellery
 m - an amulet of magic regeneration (around neck)
Wands
 k - a wand of polymorph (5)
 n - a wand of flame (20)
Scrolls
 c - 2 scrolls of fear
 d - 4 scrolls of teleportation
 e - 3 scrolls of enchant armour
 f - 2 scrolls of amnesia
 h - a scroll of remove curse {unknown}
 i - 4 scrolls of identify
 j - a scroll of immolation
 l - 2 scrolls of revelation {unknown}


   Skills:
 + Level 2.1 Fighting
 + Level 2.7 Dodging
 + Level 3.7 Stealth
 + Level 10.5 Spellcasting
 + Level 10.0 Necromancy


You had 12 spell levels left.
You knew the following spells:

 Your Spells              Type           Power        Failure   Level  Hunger
a - Animate Dead          Necr           N/A          1%          4    N/A
b - Dispel Undead         Necr           #####...     3%          5    N/A
d - Vampiric Draining     Necr           #####.....   1%          3    N/A
e - Agony                 Necr           #####...     1%          4    N/A
n - Necrotize             Necr           #####.       1%          1    N/A

Your spell library contained the following spells:

 Spells                   Type           Power        Failure   Level  Hunger


Dungeon Overview and Level Annotations

Branches:
Dungeon (6/12)             Temple (1/1) D:5

Altars:
Ashenzari
Cheibriados
Dithmenos
Gozag
Hepliaklqana
Kikubaaqudgha
Lugonu
Makhleb
Nemelex Xobeh
Okawaru
Qazlal
Ru
Sif Muna
Trog
Uskayaw
Vehumet
Wu Jian
Xom
Yredelemnul

Shops:
D:4 =


Innate Abilities, Weirdness & Mutations

You do not eat or drink.
Your flesh is vulnerable to fire.
You are immune to poison.
You possess an exceptional clarity of mind.
Your flesh is cold resistant. (rC+)
You are immune to negative energy. (rN+++)
You are immune to unholy pain and torment.
You can survive without breathing.
Your hexes are more powerful.


Message History

The crimson imp breathes fire at you. The fire burns you terribly!
The flame tongue hits you!!
Casting: Vampiric Draining (safe; 1% risk of failure)
Confirm with . or Enter, or press ? or * to list all spells.
You don't know that spell.
You miss the crimson imp. The crimson imp hits you.
* * * LOW HITPOINT WARNING * * *
You hit the crimson imp but do no damage.
The crimson imp hits you.
* * * LOW HITPOINT WARNING * * *
You hit the crimson imp.
The crimson imp is lightly wounded.
The crimson imp hits you.
* * * LOW HITPOINT WARNING * * *
You hit the crimson imp.
The crimson imp is lightly wounded.
The crimson imp breathes fire at you. The fire burns you terribly!
The flame tongue hits you!!
You die...
Kikubaaqudgha rasps: "You have failed me!
Welcome... oblivion!"

###.#####.......# #.#
#.# #.......# .≈≈# #.#
#.# #.....!## .≈≈# #.#
#.## ####.### .≈≈##.#
#..# #.# ##♣##.≈≈###
##.# ### ##≈.≈##.≈≈##
#.# ##≈ ##≈...≈##.≈≈##
# #.#
#≈≈.##≈.....≈##.≈≈# #
#.# #≈..5@Z..[.......≈#
# #.#
#≈≈.##≈.....≈##.≈≈####
#.#
###≈≈.##≈...≈##.≈≈##...
#.#
#.##≈≈.##≈.≈##.≈≈##....
#.# #.#
#≈≈.##♣##.≈≈####... #.#
#.# #≈≈.###.≈≈## ####
#.# #.# #≈≈.♣.≈≈## #
###># #.# ####≈≈.≈≈## #
##.#.# #.# #..##≈.≈## #


You could see a crimson imp and a friendly orc wizard zombie.

Vanquished Creatures
  Pikel (D:6)
  Grinder (D:4)
  A hippogriff (D:6)
  A hungry ghost (D:6)
  A sky beast (D:6)
  2 orc warriors (D:6)
  2 ice beasts (D:6)
  2 slaves (D:6)
  A phantom (D:5)
  4 bullfrogs (D:6)
  A kobold brigand (D:6)
  A wyvern skeleton (D:6)
  An electric eel (D:6)
  2 orc priests (D:6)
  3 hounds
  3 jellies
  4 orc wizards
  4 worker ants
  Ijyb (D:4)
  2 hound skeletons (D:4)
  A worker ant zombie (D:6)
  Robin (D:2)
  7 adders
  An ooze (D:3)
  3 adder zombies
  3 adder skeletons
  3 dart slugs
  3 leopard geckos
  22 orcs
  A giant cockroach (D:3)
  3 goblins
  9 hobgoblins
  12 jackals
  4 quokkas
  2 ball pythons
  4 bats
  A frilled lizard (D:3)
  7 kobolds
  2 quokka skeletons
  6 rats
133 creatures vanquished.

Vanquished Creatures (collateral kills)
  A crimson imp (D:4)
  2 orc priests
  Terence (D:2)
  2 adders (D:3)
  2 worms
  6 orcs
  4 jackals
  A frilled lizard (D:1)
19 creatures vanquished.

Vanquished Creatures (others)
  2 slaves (D:6)
  2 sky beasts (D:6)
  A crimson imp (D:6)
5 creatures vanquished.

Grand Total: 157 creatures vanquished

Notes
Turn   | Place    | Note
-------+----------+-------------------------------------------
     0 | D:1      | Queen the Mummy Necromancer began the quest for the Orb.
     0 | D:1      | Reached XP level 1. HP: 13/13 MP: 4/4
   469 | D:1      | Reached XP level 2. HP: 19/19 MP: 1/5
  1153 | D:2      | Noticed Terence
  1169 | D:2      | Killed Terence
  1170 | D:2      | Reached XP level 3. HP: 22/24 MP: 0/7
  1253 | D:2      | Found an iron altar of Okawaru.
  1291 | D:2      | Learned a level 3 spell: Vampiric Draining
  1424 | D:2      | Noticed Robin
  1434 | D:2      | Killed Robin
  1782 | D:2      | Reached XP level 4. HP: 30/30 MP: 7/10
  1787 | D:2      | Learned a level 4 spell: Agony
  1887 | D:3      | Found a hazy altar of Hepliaklqana.
  1911 | D:2      | Reached skill level 5 in Necromancy
  1972 | D:3      | Reached XP level 5. HP: 35/35 MP: 8/12
  1977 | D:3      | Learned a level 4 spell: Animate Dead
  2210 | D:3      | Found a white marble altar of Elyvilon.
  2214 | D:3      | Reached skill level 5 in Spellcasting
  2215 | D:3      | Found a shadowy altar of Dithmenos.
  2228 | D:3      | Found a blossoming altar of Fedhas.
  2228 | D:3      | Found a sparkling altar of Nemelex Xobeh.
  2231 | D:3      | Found a radiant altar of Vehumet.
  3044 | D:3      | Found a shimmering altar of Xom.
  3324 | D:4      | Reached XP level 6. HP: 41/41 MP: 14/14
  3499 | D:4      | Noticed Ijyb
  3517 | D:4      | Killed Ijyb
  3849 | D:4      | Learned a level 5 spell: Dispel Undead
  3862 | D:4      | Found a burning altar of Makhleb.
  3992 | D:4      | Noticed Grinder
  4014 | D:4      | Paralysed by Grinder for 4 turns
  4019 | D:4      | HP: 2/41 [Grinder (3)]
  4021 | D:4      | Killed Grinder
  4022 | D:4      | Reached XP level 7. HP: 2/47 MP: 16/16
  4474 | D:4      | Found Atetop's Jewellery Emporium.
  4577 | D:4      | Bought an uncursed amulet of magic regeneration for 275
                  | gold pieces
  4603 | D:5      | Entered Level 5 of the Dungeon
  4779 | D:5      | Found an iron altar of Okawaru.
  5046 | D:5      | Found a staircase to the Ecumenical Temple.
  5214 | D:6      | Reached skill level 1 in Fighting
  5214 | D:6      | Reached XP level 8. HP: 54/54 MP: 11/19
  5990 | D:6      | Noticed Pikel
  6008 | D:6      | Killed Pikel
  6009 | D:6      | Reached XP level 9. HP: 59/59 MP: 6/22
  6120 | D:6      | Reached skill level 10 in Spellcasting
  6241 | Temple   | Entered the Ecumenical Temple
  6610 | Temple   | Became a worshipper of Kikubaaqudgha
  7247 | D:6      | Reached skill level 10 in Necromancy
  7278 | D:6      | Killed from afar by a crimson imp

Skill      XL: |  1  2  3  4  5  6  7  8  9 |
---------------+----------------------------+-----
Spellcasting   | 3 4 5 6 7 9 10 | 10.5
Necromancy     | 5 6 7 9 10 | 10.0
Dodging        | 2 |  2.7
Fighting       | 1 2 |  2.1
Stealth        | 3 |  3.7

Action                   |  1- 3 |  4- 6 |  7- 9 || total
-------------------------+-------+-------+-------++-------
Melee: Dagger            |     9 |    72 |   155 ||   236
 Cast: Necrotize         |    51 |   101 |    72 ||   224
       Vampiric Draining |     2 |    13 |    37 ||    52
       Animate Dead      |       |     4 |     7 ||    11
       Dispel Undead     |       |       |    14 ||    14
  Use: Scroll            |     1 |     4 |       ||     5
 Stab: Sleeping          |       |     1 |     2 ||     3
Armor: Robe              |     3 |    11 |    27 ||    41
Dodge: Dodged            |     8 |    56 |   104 ||   168
